 Dungeon Crawl Stone Soup version 0.29.1-2-gbd0b4ee654 (webtiles) character file.

Game seed: 8683199901064956634

93446 boopmooplesden the Executioner (level 15, -3/158 HPs)
             Began as a Minotaur Berserker on Nov 18, 2022.
             Was a High Priest of Trog.
             Slain by an alligator snapping turtle (6 damage)
             ... on level 4 of the Shoals.
             The game lasted 00:33:18 (25240 turns).

boopmooplesden the Executioner (MiBe)              Turns: 25240, Time: 00:33:18

Health: -3/158     AC: 19    Str: 35    XL:     15   Next: 60%
Magic:  14/14      EV: 30    Int:  5    God:    Trog [*****.]
Gold:   162        SH:  0    Dex: 15    Spells: 14/14 levels left

rFire   . . .      SeeInvis +   X - +4 glaive "Zican" {flame, Fly rC+++ rCorr Int-2}
rCold   + + +      Faith    .   (shield currently unavailable)
rNeg    + . .      Spirit   .   u - +3 scale mail {rPois}
rPois   +          Reflect  .   P - +0 hat {Int+3}
rElec   .          Harm     .   p - +0 cloak
rCorr   +          Rampage  .   g - +0 pair of fencer's gloves {Riposte Dex+3}
Will    +....                   i - +2 pair of boots
Stlth   +.........              Q - amulet of Bub Kit {Acrobat rPois rCorr Str+2}
HPRegen 0.36/turn               r - ring of positive energy
MPRegen 0.14/turn               l - +6 ring of strength

@: on berserk cooldown, acrobatic, flying, slowed, studying Dodging, very slow
A: horns 2, retaliatory headbutt, hooves 1, see invisible, robust 1
a: Renounce Religion, Berserk, Trog's Hand, Brothers in Arms


You were on level 4 of the Shoals.
You worshipped Trog.
Trog was extremely pleased with you.
You visited 3 branches of the dungeon, and saw 20 of its levels.
You also visited: Sewer and Gauntlet.

You collected 1602 gold pieces.
You spent 1440 gold pieces at shops.

Inventory:

Hand Weapons
 y - a +6 executioner's axe of venom
 H - a +1 demon trident
 U - the +2 war axe of Oozing Pus {flame, Int+4}
   (You found it in a Gauntlet)

   It burns those it strikes, dealing additional fire damage.
   Big, fiery blades are also staple armaments of hydra-hunters.
   Int:       It affects your intelligence (+4).
 X - the +4 glaive "Zican" (weapon) {flame, Fly rC+++ rCorr Int-2}
   (Trog gifted it to you on level 4 of the Shoals)

   It burns those it strikes, dealing additional fire damage.
   Big, fiery blades are also staple armaments of hydra-hunters.
   Int:       It affects your intelligence (-2).
   rC:        It renders you almost immune to cold.
   Fly:       It grants you flight.
   rCorr:     It protects you from acid and corrosion.
Missiles
 t - 3 throwing nets
 N - 6 javelins (quivered)
 S - 7 silver javelins
Armour
 g - the +0 pair of fencer's gloves (worn) {Riposte Dex+3}
   (You bought it in a shop on level 1 of the Shoals)

   It allows the wearer to riposte with melee weapons, swiftly retaliating
   against missed or blocked melee attacks.
   Dex:       It affects your dexterity (+3).
 i - a +2 pair of boots (worn)
 p - a +0 cloak (worn)
 u - a +3 scale mail of poison resistance (worn)
 J - a +0 plate armour
 P - a +0 hat of intelligence (worn)
Jewellery
 j - a ring of see invisible
 k - a ring of ice
 l - a +6 ring of strength (right hand)
 o - an amulet of faith
 r - a ring of positive energy (left hand)
 F - a +4 ring of protection
 G - an amulet of reflection
 O - a ring of ice
 Q - the amulet of Bub Kit (around neck) {Acrobat rPois rCorr Str+2}
   (You found it in a Gauntlet)

   [amulet of the acrobat]

   It increases your evasion while moving and waiting.
   Str:       It affects your strength (+2).
   rPois:     It protects you from poison.
   rCorr:     It protects you from acid and corrosion.
 Y - a ring of protection from cold
Wands
 C - a wand of digging (9)
 D - a wand of polymorph (8)
 I - a wand of quicksilver (14)
 M - a wand of flame (25)
 T - a wand of roots (6)
 Z - a wand of charming (10)
Scrolls
 b - 5 scrolls of amnesia
 e - 5 scrolls of butterflies
 n - a scroll of magic mapping
 q - 12 scrolls of teleportation
 v - 5 scrolls of blinking
 x - 2 scrolls of fear
 z - 3 scrolls of identify
 L - 2 scrolls of poison
Potions
 a - 3 potions of mutation
 c - 4 potions of lignification
 d - 6 potions of degeneration
 f - 6 potions of curing
 h - 6 potions of heal wounds
 m - 8 potions of attraction
 s - 4 potions of might
 A - 2 potions of resistance
 B - 3 potions of magic
 E - 3 potions of haste
 K - 11 potions of ambrosia
 R - a potion of invisibility
 V - 2 potions of brilliance
 W - a potion of cancellation
Miscellaneous
 w - a phial of floods


   Skills:
 + Level 16.0 Fighting
 + Level 22.8(23.2) Axes
 + Level 6.9(16.4) Polearms
 + Level 13.6 Armour
 + Level 9.5 Dodging
 + Level 2.3 Stealth
 + Level 5.0 Shields


You had 14 spell levels left.
You didn't know any spells.
Your spell library was empty.

Dungeon Overview and Level Annotations

Branches:
Dungeon (11/15)            Temple (0/1) D:6            Lair (5/5) D:8
 Shoals (4/4) Lair:3        Snake (0/4) Lair:3        Slime (0/5) Lair:5
  Sewer (visited)         Gauntlet (visited)
    Orc: D:9-12

Altars:
Cheibriados
Fedhas
Gozag
Hepliaklqana
Makhleb
Nemelex Xobeh
Ru
Sif Muna
Trog
Uskayaw
Vehumet
Wu Jian
Zin

Shops:
Shoals:1 **   Shoals:3 :   Shoals:4 *

Portals:
Hell: Lair:5
Trove: D:11 (give horn of Geryon)

Annotations:
Shoals:1 exclusion: oklob plant


Innate Abilities, Weirdness & Mutations

You have a pair of horns on your head.
You reflexively headbutt those who attack you in melee.
You have large cloven feet.
You have supernaturally acute eyesight. (SInv)
You are robust. (+10% HP)


Message History

The harpy barely misses you.
Your two-headed ogre hits the water elemental with a +0 dire flail!!
The water elemental is destroyed!
Trog accepts your kill.
You gasp with relief as air once again reaches your lungs.
The harpy closely misses you. You furiously retaliate!
You headbutt the harpy!
You riposte.
You closely miss the harpy. Your headbutt misses the harpy.
The harpy is moderately wounded.
The harpy claws you but does no damage.
The merfolk aquamancer points at you and mumbles some strange words.
The shard of ice misses you.
The shard of ice hits the alligator snapping turtle!!!
The alligator snapping turtle dies!
The merfolk impaler hits you from afar with a +0 trident.
* * * LOW HITPOINT WARNING * * *
The alligator snapping turtle barely misses you.
The snapping turtle bites you but does no damage.
The merfolk impaler hits you from afar with a +0 trident!
* * * LOW HITPOINT WARNING * * *
The merfolk aquamancer hits you with a +0 rapier.
* * * LOW HITPOINT WARNING * * *
Your two-headed ogre hits the alligator snapping turtle with a +0 dire flail!!!
Your two-headed ogre hits the alligator snapping turtle with a +0 giant club!!
Your Fighting skill increases to level 16!
Unknown command.
The harpy attacks as you move away! The harpy claws you.
* * * LOW HITPOINT WARNING * * *
The harpy closely misses you. The harpy claws you!
* * * LOW HITPOINT WARNING * * *
The harpy completely misses you. The merfolk impaler closely misses you.
The harpy completely misses you.
You riposte.
You slice the harpy!! You burn the harpy.
You kill the harpy!
Trog accepts your kill.
The merfolk javelineer throws a javelin.
The javelin barely misses you.
Your two-headed ogre hits the alligator snapping turtle with a +0 dire flail.
Your two-headed ogre hits the alligator snapping turtle but does no damage.
The alligator snapping turtle bites you from afar.
You die...

~~~≈≈≈≈≈≈≈≈≈≈≈≈
.......~~≈≈≈≈≈≈≈≈≈≈≈
........~~~~≈≈≈≈≈≈≈≈
........~~~~~~~~≈≈≈≈≈
^........~~~~~~~~~≈≈≈
...............~~~~≈≈
....!............~~~≈≈
......m......[....~~≈≈
##.@.........~~~≈
#~..~m#mO........~~~~
#~.~~t#m#t.........~~~
≈~~#≈~~#.#††........~~
≈~≈≈≈≈~tm#....(....~~~
.≈##≈≈Ht#.......#..~~
≈.. #≈#~.#..........~~
≈# .≈≈~~~#.......#..~~
#..~~~##..........~~


You could see an alligator snapping turtle (ally target), 2 merfolk impalers, a
merfolk javelineer, a merfolk aquamancer, a snapping turtle and a friendly
two-headed ogre (summoned, berserk).

Vanquished Creatures
  Gastronok (Lair:2)
  A dire elephant (Lair:5)
  A minotaur (Gauntlet)
  2 merfolk javelineers
  2 merfolk impalers (Shoals:2)
  A boulder beetle (Lair:5)
  7 hydras
  2 alligator snapping turtles (Shoals:4)
  4 merfolk avatars
  A tengu warrior (D:11)
  A two-headed ogre (D:9)
  A satyr (Shoals:4)
  3 death yaks (D:8)
  Urug (Lair:1)
  Nergalle (D:10)
  A sixfirhy (Lair:5)
  Amaemon (Lair:3)
  11 sea snakes
  Lodul (D:10)
  A wizard (Lair:5)
  A necromancer (Gauntlet)
  16 harpies
  11 manticores
  2 cyclopes
  13 fauns
  22 elephants
  7 black mambas
  6 merfolk sirens
  6 cane toads
  5 water nymphs
  4 orange demons
  A gargoyle (D:10)
  A smoke demon (Lair:5)
  5 komodo dragons
  4 rime drakes
  A tengu conjurer (D:11)
  2 ice devils (Lair:5)
  A queen bee (D:10)
  A red devil (Lair:5)
  13 merfolk
  2 polar bears (Lair:5)
  2 trolls (D:11)
  3 wind drakes
  Prince Ribbit (D:7)
  3 slime creatures (Lair:5)
  11 dream sheep
  6 water elementals
  5 snapping turtles
  4 shadows
  4 wyverns
  A wraith (D:9)
  5 basilisks
  42 yaks
  A chaos spawn (Gauntlet)
  A neqoxec (Gauntlet)
  A steam dragon (D:7)
  Edmund (D:6)
  3 nagas (Lair:3)
  2 acid dragons
  4 hell hounds (Lair:5)
  22 water moccasins
  3 ice beasts (D:6)
  4 orc warriors
  4 black bears
  10 ogres
  24 wolves
  4 centaurs
  A kobold brigand (D:9)
  13 bullfrogs
  4 scorpions
  A gnoll sergeant (D:9)
  45 killer bees
  7 howler monkeys
  An electric eel (Lair:3)
  3 orc priests
  A hound (D:6)
  Crazy Yiuf (D:4)
  A gnoll bouda (D:9)
  2 jellies
  8 iguanas
  9 orc wizards
  Natasha (twice) (D:4)
  A hell rat (D:8)
  11 gnolls
  10 adders
  A river rat (D:8)
  A shadow imp (D:7)
  3 white imps
  2 ufetubi (D:7)
  3 worms
  5 dart slugs
  33 orcs
  14 ball pythons
  16 endoplasms
  14 giant cockroaches
  2 goblins (D:2)
  7 hobgoblins
  4 jackals (D:4)
  8 kobolds
  9 quokkas
  6 bats
  9 frilled lizards
  2 rats
599 creatures vanquished.

Vanquished Creatures (collateral kills)
  A merfolk aquamancer (Shoals:4)
  2 harpies (Shoals:4)
  A snapping turtle (Shoals:4)
  A water elemental (Shoals:4)
5 creatures vanquished.

Vanquished Creatures (others)
  An alligator snapping turtle (Shoals:4)
  2 orcs (D:9)
  14 demonic plants (Gauntlet)
  13 fungi
  77 plants
  3 withered plants (Gauntlet)
110 creatures vanquished.

Grand Total: 714 creatures vanquished

Notes
Turn   | Place    | Note
-------+----------+-------------------------------------------
     0 | D:1      | boopmooplesden the Minotaur Berserker began the quest for
                  | the Orb.
     0 | D:1      | Reached XP level 1. HP: 19/19 MP: 0/0
   422 | D:1      | Found a faded altar of an unknown god.
   769 | D:1      | Reached XP level 2. HP: 27/27 MP: 1/1
  1136 | D:2      | Reached skill level 4 in Axes
  1336 | D:2      | Reached XP level 3. HP: 32/33 MP: 2/2
  1362 | D:2      | Identified the +1 helmet of the Okapi {Harm rPois Str-5
                  | Int+3}
  2178 | D:3      | Reached XP level 4. HP: 40/40 MP: 3/3
  2181 | D:3      | Reached skill level 5 in Axes
  2239 | D:3      | Found a bloodstained altar of Trog.
  2287 | D:3      | Reached XP level 5. HP: 37/47 MP: 4/4
  2293 | D:3      | Reached ** piety under Trog
  3158 | D:4      | Noticed Natasha
  3165 | D:4      | Killed Natasha
  3289 | D:4      | Noticed an ogre
  3294 | D:4      | Killed an ogre
  3295 | D:4      | Reached skill level 5 in Fighting
  3295 | D:4      | Reached XP level 6. HP: 56/56 MP: 5/5
  3729 | D:4      | Reached skill level 5 in Armour
  3974 | D:4      | Reached skill level 6 in Axes
  3975 | D:4      | Noticed Natasha
  3981 | D:4      | Killed Natasha
  4146 | D:4      | Found a runed translucent door.
  4147 | D:4      | Noticed Crazy Yiuf
  4153 | D:4      | Killed Crazy Yiuf
  4243 | D:5      | Entered Level 5 of the Dungeon
  4258 | D:5      | Reached XP level 7. HP: 53/61 MP: 6/6
  4335 | D:5      | Reached skill level 7 in Axes
  4549 | D:5      | Found a glowing drain.
  4559 | Sewer    | Entered a sewer
  4593 | Sewer    | Reached *** piety under Trog
  4708 | Sewer    | Reached skill level 8 in Axes
  4891 | Sewer    | Reached XP level 8. HP: 63/70 MP: 7/7
  5306 | D:6      | Reached **** piety under Trog
  5398 | D:6      | Reached skill level 9 in Axes
  5583 | D:6      | Found a staircase to the Ecumenical Temple.
  5959 | D:6      | Found a hide-covered altar of Uskayaw.
  6082 | D:6      | Found a shimmering blue altar of Sif Muna.
  6229 | D:6      | Reached XP level 9. HP: 79/79 MP: 8/8
  6242 | D:6      | Reached skill level 10 in Axes
  6383 | D:6      | Noticed Edmund
  6395 | D:6      | Killed Edmund
  6517 | D:6      | Found an ornate altar of the Wu Jian Council.
  7084 | D:7      | Reached skill level 1 in Stealth
  7088 | D:7      | Reached skill level 11 in Axes
  7232 | D:7      | Noticed Prince Ribbit
  7237 | D:7      | Killed Prince Ribbit
  7707 | D:8      | Noticed a death yak
  7709 | D:8      | Found a staircase to the Lair.
  7709 | D:8      | Noticed a death yak
  7709 | D:8      | Noticed a death yak
  7714 | D:8      | Killed a death yak
  7715 | D:8      | Reached skill level 12 in Axes
  7715 | D:8      | Reached XP level 10. HP: 90/90 MP: 9/9
  7721 | D:8      | Killed a death yak
  7724 | D:8      | Killed a death yak
  7725 | D:8      | Reached skill level 5 in Dodging
  7921 | D:8      | Found a hazy altar of Hepliaklqana.
  8069 | D:8      | Found a blossoming altar of Fedhas.
  8072 | D:8      | Found a snail-covered altar of Cheibriados.
  8118 | D:8      | Found an opulent altar of Gozag.
  8718 | D:8      | Found a glowing silver altar of Zin.
  8937 | D:9      | Found a radiant altar of Vehumet.
  8979 | D:9      | Found a sacrificial altar of Ru.
  8990 | D:9      | Reached skill level 13 in Axes
  9448 | D:9      | You fall into a shaft and drop 2 floors!
  9471 | D:11     | HP: 4/92 [killer bee (3)]
  9479 | D:11     | Reached skill level 10 in Fighting
  9856 | D:11     | Found a portal to a secret trove of treasure.
  9892 | D:11     | Noticed a tengu warrior
  9911 | D:11     | Killed a tengu warrior
  9914 | D:11     | Reached skill level 10 in Armour
  9915 | D:11     | Reached skill level 14 in Axes
  9921 | D:11     | Reached skill level 1 in Shields
  9921 | D:11     | Reached XP level 11. HP: 83/100 MP: 10/10
 10067 | D:10     | Entered Level 10 of the Dungeon
 10067 | D:10     | Noticed Nergalle
 10268 | D:10     | Found a sparkling altar of Nemelex Xobeh.
 10293 | D:10     | Killed Nergalle
 10560 | D:10     | Reached skill level 15 in Axes
 10573 | D:10     | Noticed Lodul
 10577 | D:10     | Killed Lodul
 10584 | D:10     | Reached ***** piety under Trog
 10962 | D:10     | Received a gift from Trog
 10963 | D:10     | Reached skill level 16 in Axes
 10976 | D:10     | HP: 5/102 [killer bee (5)]
 11599 | D:9      | Noticed a two-headed ogre
 11604 | D:9      | Killed a two-headed ogre
 11756 | Lair:1   | Entered Level 1 of the Lair of Beasts
 11935 | Lair:1   | Reached XP level 12. HP: 110/110 MP: 11/11
 11959 | Lair:1   | Noticed a four-headed hydra
 11967 | Lair:1   | Killed a nine-headed hydra
 12084 | Lair:1   | Noticed Urug
 12090 | Lair:1   | Killed Urug
 12196 | Lair:1   | Noticed a five-headed hydra
 12208 | Lair:1   | Killed a five-headed hydra
 12581 | Lair:1   | Noticed a four-headed hydra
 12591 | Lair:1   | Killed a seven-headed hydra
 12592 | Lair:1   | Reached skill level 1 in Polearms
 13100 | Lair:2   | Noticed Gastronok
 13109 | Lair:2   | Killed Gastronok
 13289 | Lair:2   | Reached skill level 17 in Axes
 14035 | Lair:3   | Found a gate leading to a gauntlet.
 14050 | Gauntlet | Entered a Gauntlet
 14050 | Gauntlet | Found a transporter.
 14067 | Gauntlet | Found a transporter.
 14093 | Gauntlet | Found a transporter.
 14148 | Gauntlet | Found a transporter.
 14156 | Gauntlet | Found a transporter.
 14158 | Gauntlet | Found a transporter.
 14188 | Gauntlet | Found a transporter.
 14192 | Gauntlet | Found a transporter.
 14285 | Gauntlet | Noticed a six-headed hydra
 14310 | Gauntlet | Found a transporter.
 14333 | Gauntlet | Found a transporter.
 14335 | Gauntlet | Noticed a ghost crab
 14365 | Gauntlet | Found a transporter.
 14386 | Gauntlet | Identified the amulet of Bub Kit {Acrobat rPois rCorr
                  | Str+2}
 14399 | Gauntlet | Found a transporter.
 14402 | Gauntlet | Noticed a minotaur
 14407 | Gauntlet | Killed a minotaur
 14420 | Gauntlet | Identified the +2 war axe of Oozing Pus {flame, Int+4}
 14644 | Lair:3   | Reached skill level 5 in Shields
 14859 | Lair:3   | Found a staircase to the Shoals.
 15057 | Lair:3   | Found a staircase to the Snake Pit.
 15060 | Lair:3   | Noticed Amaemon
 15061 | Lair:3   | Reached skill level 18 in Axes
 15068 | Lair:3   | Received a gift from Trog
 15069 | Lair:3   | Reached XP level 13. HP: 76/119 MP: 12/12
 15077 | Lair:3   | Killed Amaemon
 16555 | Lair:4   | Reached skill level 19 in Axes
 17491 | Lair:5   | Entered Level 5 of the Lair of Beasts
 17497 | Lair:5   | Found a staircase to the Slime Pits.
 17577 | Lair:5   | Reached skill level 20 in Axes
 18135 | Lair:5   | Reached XP level 14. HP: 15/130 MP: 13/13
 19108 | Lair:5   | Found a burning altar of Makhleb.
 19121 | Lair:5   | Reached ****** piety under Trog
 19131 | Lair:5   | Found a gateway to Hell.
 19665 | Lair:5   | Reached skill level 21 in Axes
 19899 | Lair:5   | Gained mutation: Armour fits poorly on your strangely
                  | shaped body. [potion of mutation]
 19899 | Lair:5   | Gained mutation: You are partially covered in iridescent
                  | scales. (AC +2) [potion of mutation]
 19899 | Lair:5   | Gained mutation: You are somewhat resistant to further
                  | mutation. [potion of mutation]
 19900 | Lair:5   | Lost mutation: You are somewhat resistant to further
                  | mutation. [potion of mutation]
 19900 | Lair:5   | Lost mutation: You are partially covered in iridescent
                  | scales. (AC +2) [potion of mutation]
 19900 | Lair:5   | Gained mutation: You possess an exceptional clarity of
                  | mind. [potion of mutation]
 19900 | Lair:5   | Lost mutation: You possess an exceptional clarity of mind.
                  | [potion of mutation]
 19901 | Lair:5   | Lost mutation: Armour fits poorly on your strangely shaped
                  | body. [potion of mutation]
 19901 | Lair:5   | Gained mutation: You have large cloven feet. [potion of
                  | mutation]
 19901 | Lair:5   | Gained mutation: You are robust. (+10% HP) [potion of
                  | mutation]
 19901 | Lair:5   | Gained mutation: You have supernaturally acute eyesight.
                  | (SInv) [potion of mutation]
 19999 | Shoals:1 | Entered Level 1 of the Shoals
 20840 | Shoals:1 | Received a gift from Trog
 20856 | Shoals:1 | Found Gulenell's General Store.
 20866 | Shoals:1 | Found Ewetuc's Specific Store.
 20891 | Shoals:1 | Bought the +0 pair of fencer's gloves {Riposte Dex+3} for
                  | 400 gold pieces
 20891 | Shoals:1 | Found the +0 pair of fencer's gloves {Riposte Dex+3}
 21389 | Shoals:2 | Found a runed translucent door.
 21415 | Shoals:2 | Reached skill level 15 in Fighting
 21762 | Shoals:2 | Reached skill level 22 in Axes
 22292 | Shoals:2 | Reached XP level 15. HP: 106/155 MP: 14/14
 23024 | Shoals:3 | Found Tiathos's Self-Improvement Boutique.
 23063 | Shoals:3 | Bought a manual of Dodging for 1040 gold pieces
 23227 | Shoals:4 | Entered Level 4 of the Shoals
 23495 | Shoals:4 | Identified the +4 glaive "Zican" {flame, Fly rC+++ rCorr
                  | Int-2} (Trog gifted it to you on level 4 of the Shoals)
 23495 | Shoals:4 | Received a gift from Trog
 23622 | Shoals:4 | Found Qarghauz's General Store.
 24574 | Shoals:4 | Reached skill level 5 in Polearms
 25240 | Shoals:4 | HP: 3/158 [harpy (12)]
 25240 | Shoals:4 | Slain by an alligator snapping turtle

Illustrated notes

Levels and vault maps discovered:
D:1:      dpeg_arrival_long_road, layout_basic,
          shapermc_ecumenical_altar_pompeii
D:2:      layout_rooms, serial_co_window_serial, co_window_corner_a,
          co_window_of_opportunity_a, co_window_of_opportunity_a,
          co_window_paths_a, co_window_cross_1, co_window_paths_b,
          co_window_paths_a, co_window_broadway_a, co_window_corner_ca,
          co_window_paths_c, co_window_unsneaky_path_b, co_window_sun,
          glass_columns_b, glass_columns_a, st_stairs_13
D:3:      layout_basic, lightli_temple_of_fire, hex_intersection
D:4:      layout_basic, nrook_mini_backslash, uniq_natasha,
          uniq_crazy_yiuf_cottage
D:5:      layout_cave_pools, cheibrodos_sewer_entry_bend,
          minmay_misc_feat_nine_boxes
D:6:      layout_loops_ring, mainiacjoe_overflow_alcove_2,
          nicolae_wu_jian_immortal_techniques,
          nicolae_uskayaw_murder_on_the_dancefloor,
          minmay_temple_entry_proselytizer, uniq_edmund
D:7:      layout_loops_ring, uniq_prince_ribbit1
D:8:      layout_layer_cave, grunt_gozag_breadcrumbs,
          nicolae_overflow_hidden_temple, zin_scriptorium,
          mainiacjoe_overflow_tiny_flanked, dpeg_lair_monsters
D:9:      layout_roguey, lemuel_round_altar, fiery_altar_vehumet
D:10:     layout_rooms, nemelex_xobeh_ov_fountains_minmay, special_room
          [special_room_bee], uniq_lodul, uniq_nergalle
D:11:     layout_roguey, nicolae_trove_entry_crystal, interstate_on_off,
          grunt_ministairs_2, nicolae_benzene_ring,
          minmay_misc_feat_more_columns
Lair:1:   layout_hall_layers, lemuel_fruit_tree, uniq_urug
Lair:2:   layout_regular_city, beast_lair_carwin_5, grunt_megastairs_2,
          uniq_gastronok
Lair:3:   layout_layer_cave, elwin_shoals_entry_rocks,
          minmay_snake_entry_guardpost_small, gauntlet_entry_generic,
          serial_bayou_shore_b, uniq_amaemon
Lair:4:   layout_roguey, st_stairs_9, grunt_megastairs_1
Lair:5:   evil_forest, layout_gridlike, minmay_slime_entry_pillars,
          lemuel_fruit_fields, infiniplex_staircase_pool_2
Shoals:1: layout_shoals, nicolae_specific_store, nicolae_shoals_this_corrosion
Shoals:2: layout_shoals, lightli_airlock
Shoals:3: layout_shoals, nicolae_shop_self_help
Shoals:4: shoals_end_hangedman, layout_shoals, serial_shops,
          nicolae_lakefront_shop

Skill      XL: |  1  2  3  4  5  6  7  8  9 10 11 12 13 14 15 |
---------------+----------------------------------------------+-----
Fighting       | 4 5 6 7 8 10 11 12 13 15 16 | 16.0
Axes           | 4 5 6 8 9 12 14 16 18 20 22 | 22.8
Armour         | 3 4 5 6 7 8 10 11 12 13 | 13.6
Dodging        | 3 4 5 6 7 8 9 |  9.5
Stealth        | 1 2 |  2.3
Shields        | 1 3 5 |  5.0
Polearms       | 2 6 |  6.9

Action                   |  1- 3 |  4- 6 |  7- 9 | 10-12 | 13-15 || total
-------------------------+-------+-------+-------+-------+-------++-------
Melee: Hand axe          |    55 |    55 |       |       |       ||   110
       Headbutt          |     6 |     9 |    44 |    73 |   139 ||   271
       Punch             |       |     3 |     5 |       |       ||     8
       War axe           |       |    14 |   294 |       |       ||   308
       Executioner's axe |       |       |     3 |   435 |   454 ||   892
       Demon trident     |       |       |       |    21 |       ||    21
       Glaive            |       |       |       |       |    92 ||    92
Invok: Berserk           |     1 |     3 |     4 |    10 |    15 ||    33
       Brothers in Arms  |       |       |       |       |     1 ||     1
  Use: Scroll            |     6 |       |    12 |     5 |    14 ||    37
       Potion            |       |       |       |     2 |     3 ||     5
Armor: Scale mail        |    32 |    25 |   153 |   313 |   311 ||   834
       Animal skin       |     1 |       |       |       |       ||     1
       Chain mail        |       |       |    20 |       |       ||    20
Dodge: Dodged            |    43 |    45 |   196 |   466 |   578 ||  1328
Block: Other             |       |       |       |   133 |       ||   133
       Rpst.: Executioner's axe |       |       |       |       |    23 ||    23
       Glaive            |       |       |       |       |    20 ||    20
